 Dungeon Crawl Stone Soup version 0.17-a0-737-gf0a300a (webtiles) character file.

128 Ngotmuk the Skirmisher (level 5, -3/49 HPs)
             Began as a Naga Fighter on Apr 21, 2015.
             Killed from afar by Natasha (6 damage)
             ... with a magic dart
             ... on level 2 of the Dungeon.
             The game lasted 00:03:41 (1090 turns).

Ngotmuk the Skirmisher (Naga Fighter)               Turns: 1090, Time: 00:03:41

Health: -3/49      AC:  5    Str: 20    XL:     5   Next: 11%
Magic:  5/5        EV:  6    Int:  8    God:
Gold:   72         SH:  9    Dex: 13    Spells: 0 memorised, 4 levels left

rFire  . . .     SeeInvis +     a - +0 long sword
rCold  . . .     Clarity  .     b - +0 scale mail
rNeg   . . .     SustAb   .     c - +0 shield
rPois  +         Gourm    .     (no helmet)
rElec  .         Spirit   .     (no cloak)
rCorr  .         Warding  .     (no gloves)
rMut   .         Stasis   .     (no barding)
MR     .....                    (no amulet)
Stlth  ..........               k - ring of wizardry
                                f - +3 ring of dexterity

@: short of breath, very slow, not resistant to hostile enchantments, extremely
unstealthy
A: see invisible, deformed body, poison resistance, slowness 2, slow metabolism
1, spit poison 2, AC +1
a: Spit Poison


You were on level 2 of the Dungeon.
You were hungry.

You visited 1 branch of the dungeon, and saw 2 of its levels.

You collected 72 gold pieces.

Inventory:

Hand weapons
 a - a +0 long sword (weapon)
Armour
 b - a +0 scale mail (worn)
 c - a +0 shield (worn)
Jewellery
 f - a +3 ring of dexterity (left hand)
 k - a ring of wizardry (right hand)
Magical devices
 p - a wand of random effects (29)
Scrolls
 g - a scroll of remove curse {unknown}
 h - 4 scrolls of identify {unknown}
 i - a scroll of random uselessness {unknown}
Potions
 d - a potion of might
 j - a potion of restore abilities {unknown}
 n - 2 potions of cancellation {unknown}
 q - a potion of brilliance {unknown}
 r - a potion of poison {unknown}
Comestibles
 e - 2 bread rations
 l - 3 fruits
 m - 2 meat rations
 o - a beef jerky


   Skills:
 + Level 3.6 Fighting
 + Level 2.8 Long Blades
 + Level 2.9 Armour
 + Level 1.3 Dodging
 + Level 3.1 Shields


You had 4 spell levels left.
You didn't know any spells.

Dungeon Overview and Level Annotations

Branches:
Dungeon (2/15)

Altars:

Annotations:
D:2 Natasha


Innate Abilities, Weirdness & Mutations

You cannot wear boots.
Your serpentine skin is tough (AC +1).
You have supernaturally acute eyesight.
Armour fits poorly on your strangely shaped body.
Your system is resistant to poisons.
You cover ground very slowly.
You have a slow metabolism.
You can spit poison.


Message History

Aim: Natasha The splash of poison misses Natasha.
You feel slightly more hungry.
Natasha stares at you and mumbles some strange words.
The magic dart hits you! Natasha claws you!
* * * LOW HITPOINT WARNING * * *
You barely miss Natasha. Natasha claws you.
* * * LOW HITPOINT WARNING * * *
You block Natasha's attack.
Use which ability? (? or * to list)
You can't do that yet.
You closely miss Natasha. You block Natasha's attack.
You barely miss Natasha.
Natasha gestures.
You have a terrible headache.
Natasha claws you.
* * * LOW HITPOINT WARNING * * *
Natasha casts a spell at you. The magic dart hits you!
You die...

#..# #..# #.)# ##
#..# #.# #..# ###
#.############..#
..###..............#
#.#h..†.......###.#
#.@########...##.#
##.# .....##.# #§#
###...##.# #†#
##.###.# #........#
#.# .# ####.#####
#.# . #.# #.# #.#
#.# #.#


You could see Natasha.

Vanquished Creatures
  Ijyb (D:2)
  Jessica (D:2)
  Natasha (D:2)
  2 adders (D:2)
  A worm (D:2)
  A ball python (D:1)
  4 hobgoblins
  5 bats
  A giant cockroach (D:1)
  2 giant newts
  5 goblins
  6 kobolds (D:1)
  4 rats
34 creatures vanquished.

Notes
Turn   | Place    | Note
--------------------------------------------------------------
     0 | D:1      | Ngotmuk, the Naga Fighter, began the quest for the Orb.
     0 | D:1      | Reached XP level 1. HP: 21/21 MP: 1/1
   301 | D:1      | Reached XP level 2. HP: 28/28 MP: 2/2
   680 | D:2      | Noticed Ijyb
   703 | D:2      | Killed Ijyb
   703 | D:2      | Reached skill level 1 in Dodging
   703 | D:2      | Reached XP level 3. HP: 10/34 MP: 3/3
   977 | D:2      | Noticed Jessica
   981 | D:2      | Killed Jessica
   981 | D:2      | Reached XP level 4. HP: 30/42 MP: 4/4
  1070 | D:2      | Noticed Natasha
  1075 | D:2      | Killed Natasha
  1075 | D:2      | Reached XP level 5. HP: 21/49 MP: 5/5
  1085 | D:2      | Noticed Natasha
  1090 | D:2      | Killed from afar by Natasha

Action                   |  1- 3 |  4- 6 || total
-------------------------+-------+-------++-------
Melee: Long sword        |    81 |    37 ||   118
 Abil: Spit Poison       |       |     5 ||     5
